 Dungeon Crawl Stone Soup version 0.26-a0-940-gf7e0b5f775 (webtiles) character file.

Game seed: 10567544735620610154

17561 runemasterragnar the Covert (level 12, -9/81 HPs)
             Began as an Octopode Fighter on Nov 28, 2020.
             Was an Initiate of Gozag.
             Mangled by an eight-headed hydra (16 damage)
             ... on level 3 of the Lair of Beasts.
             The game lasted 00:33:34 (19686 turns).

runemasterragnar the Covert (Octopode Fighter)     Turns: 19686, Time: 00:33:35

Health: -9/81      AC:  1    Str: 15    XL:     12   Next: 49%
Magic:  16/16      EV: 15    Int: 21    God:    Gozag
Gold:   929        SH: 16    Dex: 12    Spells: 11/17 levels left

rFire    + . .     SeeInvis .   p - +4 short sword (drain)
rCold    + . .     Faith    .   b - +1 kite shield
rNeg     + . .     Spirit   .   (helmet restricted)
rPois    +         Reflect  +   i - amulet of reflection
rElec    .         Harm     .   m - +6 ring of intelligence
rCorr    .         Rampage  .   z - ring of protection from cold
MR       +....                  F - ring of positive energy (curse)
Stlth    +++++.....             G - ring of protection from cold
HPRegen  0.23/turn              K - ring of protection from magic
MPRegen  0.15/turn              E - ring of fire
                                o - ring of poison resistance
                                (no ring)

@: no status effects
A: almost no armour, stealthy swim, amphibious, 8 rings, constrict 8, camouflage
1, gelatinous body 1
a: Potion Petition, Call Merchant, Bribe Branch, Renounce Religion


You were on level 3 of the Lair of Beasts.
You worshipped Gozag.
Gozag was pleased with you.
You visited 3 branches of the dungeon, and saw 17 of its levels.

You collected 2213 gold pieces.
You spent 546 gold pieces at shops.
You paid 738 gold pieces to Gozag.

Inventory:

Hand Weapons
 a - a +8 scimitar
 p - a +4 short sword of draining (weapon)
Missiles
 n - 4 curare-tipped darts
 t - 235 stones
 v - 36 poisoned darts (quivered)
Armour
 b - a +1 kite shield (worn)
Magical Staves
 s - an uncursed staff of cold
Jewellery
 i - an amulet of reflection (around mantle)
 k - an uncursed amulet of magic regeneration
 m - a +6 ring of intelligence (left tentacle)
 o - a ring of poison resistance (on tentacle)
 z - a ring of protection from cold (right tentacle)
 E - a ring of fire (on tentacle)
 F - a cursed ring of positive energy (on tentacle)
 G - a ring of protection from cold (on tentacle)
 I - an uncursed amulet of guardian spirit
 K - a ring of protection from magic (on tentacle)
Wands
 c - a wand of disintegration (19)
 r - a wand of paralysis (3)
 C - a wand of flame (6)
Scrolls
 e - 2 scrolls of fog {unknown}
 f - 3 scrolls of magic mapping
 g - 6 scrolls of remove curse
 l - 3 scrolls of amnesia
 x - a scroll of fear
 A - 2 scrolls of holy word {unknown}
 B - a scroll of vulnerability
 M - a scroll of silence
Potions
 d - 3 potions of attraction
 h - a potion of ambrosia
 j - 2 potions of brilliance
 q - 3 potions of curing
 u - a potion of degeneration {unknown}
 w - 3 potions of heal wounds
 D - a potion of resistance {unknown}
 J - 3 potions of haste
 L - a potion of flight


   Skills:
 + Level 7.3 Fighting
 + Level 8.9 Long Blades
 + Level 7.2 Dodging
 + Level 9.3 Stealth
 + Level 7.4 Shields
 + Level 6.5 Unarmed Combat
 + Level 3.0 Spellcasting
 * Level 5.3 Conjurations
 * Level 5.1 Transmutations
 * Level 4.9 Earth Magic
 - Level 5.0 Evocations


You had 11 spell levels left.
You knew the following spells:

 Your Spells              Type           Power        Failure   Level
a - Sandblast             Erth           ###...       4%          1
b - Passwall              Tmut/Erth      ###.....     7%          2
c - Stone Arrow           Conj/Erth      ###...       13%         3

Your spell library contained the following spells:

 Spells                   Type           Power        Failure   Level
 Foxfire                  Conj/Fire      ###.         12%         1
 Apportation              Tloc           #.....       34%         1
 Petrify                  Tmut/Erth      ###.....     41%         4
 Inner Flame              Hex/Fire       #.......     71%         3
 Portal Projectile        Hex/Tloc       #.....       71%         3
 Sticky Flame             Conj/Fire      ###.....     75%         4
 Lee's Rapid Deconstruct  Erth           ###.......   77%         5
 Ignition                 Fire           #.........   100%        8


Dungeon Overview and Level Annotations

Branches:
Dungeon (13/15)            Temple (1/1) D:4            Lair (3/6) D:8
  Snake (0/4) Lair:2          Orc (0/2) D:10
  Swamp: Lair:2-4    Shoals: Lair:2-4    Vaults: D:13-14

Altars:
Ashenzari
Cheibriados
Dithmenos
Elyvilon
Fedhas
Gozag
Hepliaklqana
Kikubaaqudgha
Makhleb
Nemelex Xobeh
Okawaru
Qazlal
Ru
Sif Muna
Trog
Uskayaw
Vehumet
Wu Jian
Xom
Yredelemnul
Zin
The Shining One

Shops:
D:5 =   D:8 :

Annotations:
D:3 Robin


Innate Abilities, Weirdness & Mutations

You cannot wear most types of armour.
You are very stealthy in the water. (Stealth+)
You are amphibious.
You can wear up to eight rings at the same time.
You can use your tentacles to constrict eight enemies at once.
Your skin changes colour to match your surroundings (Stealth+).
Your rubbery body absorbs attacks. (AC +1, EV +1)


Message History

The eight-headed hydra bites you! x3
Unknown command.
You barely miss the eight-headed hydra.
The eight-headed hydra is severely wounded.
You block the eight-headed hydra's attack.
The eight-headed hydra closely misses you.
The eight-headed hydra bites you!
You block the eight-headed hydra's attack. x2
The eight-headed hydra bites you. The eight-headed hydra bites you!
* * * LOW HITPOINT WARNING * * *
The eight-headed hydra bites you!
* * * LOW HITPOINT WARNING * * *
Unknown command.
Okay, then.
As you read the scroll of fear, it crumbles to dust.
You assume a fearsome visage.
The eight-headed hydra resists with some effort.
The eight-headed hydra bites you!
You die...
Your body crumbles into a pile of gold.

## ###.#
####..#
#.....##
##..?...##
##..@.....#
###...D....##
##...........#
............##
...#.#......#
.. ###.....##
. ##....#
#...## #.P##


You could see an eight-headed hydra.

Vanquished Creatures
  Erolcha (D:10)
  2 two-headed ogres
  An unseen horror (D:10)
  Pikel (D:7)
  A cyclops (D:12)
  A black mamba (Lair:1)
  Psyche (D:7)
  3 cane toads
  A gargoyle (D:11)
  A rime drake (Lair:1)
  A komodo dragon (D:10)
  3 trolls
  4 orc warriors
  3 blink frogs
  A hornet (D:12)
  Prince Ribbit (D:8)
  A slime creature (D:11)
  Sigmund (D:3)
  A steam dragon (D:11)
  2 wyverns
  9 yaks (Lair:2)
  Menkaure (D:7)
  A naga (Lair:2)
  Edmund (D:3)
  A warg (D:10)
  8 water moccasins
  3 sky beasts
  2 black bears
  An eye of draining (D:8)
  2 ice beasts
  2 necrophages
  4 wolves (Lair:2)
  2 phantoms
  6 centaurs
  8 ogres
  3 lemures (D:7)
  10 bullfrogs
  A wyvern zombie (D:12)
  5 scorpions
  A wyvern skeleton (D:8)
  8 killer bees (D:10)
  13 wights
  2 electric eels (D:11)
  5 howler monkeys
  5 crimson imps (D:9)
  4 bullfrog zombies (D:4)
  A centaur zombie (D:7)
  A jelly (D:10)
  2 centaur skeletons
  6 orc priests
  2 bullfrog skeletons
  5 hounds
  Terence (D:3)
  5 iguanas
  6 worker ants
  6 orc wizards
  2 hound zombies
  A hound skeleton (D:4)
  A howler monkey zombie (D:4)
  A worker ant zombie (D:4)
  A gnoll (D:1)
  16 adders
  A shadow imp (D:7)
  6 white imps
  An ufetubus (D:9)
  An ooze (D:3)
  3 adder zombies (D:4)
  2 adder skeletons (D:4)
  3 worms
  3 dart slugs
  7 leopard geckos
  26 orcs
  3 bats
  6 giant cockroaches
  9 goblins
  10 hobgoblins
  12 jackals
  10 quokkas
  A ball python skeleton (D:4)
  6 frilled lizards
  A jackal zombie (D:4)
  7 kobolds
  2 leopard gecko skeletons
  A quokka skeleton (D:4)
  A quokka zombie (D:4)
  8 rats
326 creatures vanquished.

Vanquished Creatures (collateral kills)
  A warg (D:10)
  A crimson imp (D:9)
  An orc wizard (D:10)
  2 orcs (D:10)
5 creatures vanquished.

Vanquished Creatures (others)
  5 fungi (Lair:2)
  33 plants
  5 withered plants (D:4)
43 creatures vanquished.

Grand Total: 374 creatures vanquished

Notes
Turn   | Place    | Note
-------+----------+-------------------------------------------
     0 | D:1      | runemasterragnar the Octopode Fighter began the quest for
                  | the Orb.
     0 | D:1      | Reached XP level 1. HP: 16/16 MP: 1/1
   250 | D:1      | Reached XP level 2. HP: 20/21 MP: 2/2
   531 | D:1      | Reached skill level 1 in Stealth
   682 | D:2      | Reached XP level 3. HP: 23/26 MP: 3/3
   741 | D:2      | Reached skill level 1 in Unarmed Combat
  1077 | D:2      | Reached XP level 4. HP: 18/31 MP: 4/4
  1940 | D:3      | Reached skill level 2 in Stealth
  2038 | D:3      | Reached XP level 5. HP: 36/36 MP: 5/5
  2122 | D:3      | Noticed Robin
  2139 | D:3      | You fall into a shaft and drop 1 floor!
  2236 | D:3      | Found a hide-covered altar of Uskayaw.
  2238 | D:3      | Noticed Sigmund
  2274 | D:3      | Noticed Terence
  2515 | D:4      | Reached XP level 6. HP: 27/42 MP: 6/6
  2544 | D:4      | Found a basalt altar of Yredelemnul.
  2784 | D:4      | Reached skill level 3 in Stealth
  3176 | D:4      | Reached XP level 7. HP: 21/47 MP: 7/7
  3668 | D:4      | Found an iron altar of Okawaru.
  3675 | D:4      | Found a stormy altar of Qazlal.
  3677 | D:4      | Found a bloodstained altar of Trog.
  3677 | D:4      | Found a glowing golden altar of the Shining One.
  3911 | D:4      | Found a staircase to the Ecumenical Temple.
  3918 | D:4      | Reached skill level 4 in Stealth
  3925 | D:4      | Noticed Edmund
  4002 | D:3      | Killed Edmund
  4089 | D:3      | Killed Sigmund
  4090 | D:3      | Reached skill level 5 in Long Blades
  4090 | D:3      | Reached XP level 8. HP: 26/54 MP: 8/8
  4297 | D:3      | Killed Terence
  5085 | D:5      | Entered Level 5 of the Dungeon
  5228 | D:5      | Reached skill level 5 in Stealth
  5440 | D:5      | Found Ybunepn's Jewellery Shop.
  5752 | D:5      | Found a bloodstained altar of Trog.
  6065 | D:5      | Reached skill level 5 in Shields
  6568 | D:6      | Reached skill level 5 in Fighting
  6568 | D:6      | Reached skill level 5 in Dodging
  6692 | D:6      | Reached XP level 9. HP: 55/61 MP: 9/9
  6754 | D:6      | Reached skill level 1 in Evocations
  6767 | D:6      | Reached skill level 6 in Stealth
  7357 | Temple   | Entered the Ecumenical Temple
  7437 | Temple   | Became a worshipper of Gozag Ym Sagoz the Greedy
  7689 | D:7      | Noticed Pikel
  7744 | D:7      | Killed Pikel
  8539 | D:7      | Reached skill level 7 in Stealth
  8602 | D:7      | Noticed Menkaure
  8607 | D:7      | Killed Menkaure
  8652 | D:7      | Reached XP level 10. HP: 64/68 MP: 10/10
  8737 | D:8      | Reached skill level 5 in Unarmed Combat
  8885 | D:5      | Bought a cursed ring of positive energy for 221 gold pieces
  8967 | D:8      | Noticed Psyche
  8989 | D:7      | Killed Psyche
  9474 | D:8      | Found a staircase to the Lair.
 10022 | D:8      | Identified Sif Muna's Disquisition on Fire and Displacement
 10039 | D:8      | Learned a level 1 spell: Sandblast
 10042 | D:8      | Learned a level 2 spell: Passwall
 10046 | D:8      | Learned a level 3 spell: Stone Arrow
 10174 | D:8      | Noticed Prince Ribbit
 10182 | D:8      | Killed Prince Ribbit
 10462 | D:9      | Reached skill level 1 in Conjurations
 10470 | D:9      | Reached skill level 1 in Transmutations
 10470 | D:9      | Reached skill level 1 in Earth Magic
 10477 | D:9      | Noticed Erolcha
 10490 | D:10     | Entered Level 10 of the Dungeon
 10495 | D:10     | Killed Erolcha
 10496 | D:10     | Reached skill level 8 in Stealth
 10496 | D:10     | Reached skill level 1 in Spellcasting
 10907 | D:11     | Noticed a six-headed hydra
 11252 | D:10     | Found a staircase to the Orcish Mines.
 11280 | D:10     | Reached XP level 11. HP: 65/74 MP: 12/12
 11662 | D:10     | Killed an unseen horror
 12251 | D:9      | Noticed a two-headed ogre
 12272 | D:9      | Killed a two-headed ogre
 12649 | Lair:1   | Entered Level 1 of the Lair of Beasts
 12678 | Lair:2   | Found a staircase to the Snake Pit.
 12691 | Lair:2   | Noticed a six-headed hydra
 12705 | Lair:2   | Noticed a five-headed hydra
 15230 | D:5      | Bought an uncursed ring of protection from magic for 325
                  | gold pieces
 16406 | D:11     | Reached skill level 5 in Evocations
 16453 | D:11     | Noticed a two-headed ogre
 16472 | D:11     | Killed a two-headed ogre
 16473 | D:11     | Reached XP level 12. HP: 81/81 MP: 15/15
 16514 | D:11     | Reached skill level 9 in Stealth
 17078 | D:12     | Paralysed by a hornet for 1 turns
 18416 | D:13     | Found a shimmering blue altar of Sif Muna.
 18454 | D:13     | Noticed a boulder beetle
 18806 | D:11     | Identified a scroll of acquirement
 18806 | D:11     | Acquired an uncursed ring of poison resistance
 19021 | Lair:2   | Reached skill level 5 in Conjurations
 19059 | Lair:2   | Reached skill level 5 in Transmutations
 19628 | Lair:2   | Noticed a six-headed hydra
 19677 | Lair:3   | Noticed an eight-headed hydra
 19686 | Lair:3   | Mangled by an eight-headed hydra

Illustrated notes

Levels and vault maps discovered:
D:1:      ncdulo_watergridlock, layout_basic
D:2:      layout_rooms, corner_web_ring, minmay_bisected
D:3:      layout_rooms, eat_drink_and_be_merry_uskayaw, uniq_robin,
          uniq_terence, uniq_sigmund
D:4:      layout_loops_ring, grunt_temple_overflow_open,
          minmay_temple_entry_wispy, serial_undead, serial_undead_d,
          serial_undead_a, serial_undead_b, serial_undead_e, serial_undead_e,
          serial_undead_d, serial_undead_e, uniq_edmund
D:5:      wad_woods_pond, layout_loops_corners, serial_shops, shop,
          minivault_23, bloody_trog
D:6:      layout_gridville
D:7:      layout_loops_ring, minmay_statues_item, uniq_menkaure, uniq_pikel
D:8:      minmay_spotlight, layout_cave_pools, lair_entry_dummy, st_stairs_11,
          uniq_prince_ribbit1, uniq_psyche
D:9:      layout_cave_pools, minmay_nine_imps, uniq_erolcha
D:10:     layout_irregular_city, david_orc_3
D:11:     minmay_curly_fans, layout_small_grid, minivault_4
D:12:     layout_long_grid
D:13:     layout_basic, erik_vaults_1, basic_altar, hangedman_decor_lopped,
          kennysheep_path_1, minmay_circle_x, uniq_snorg, uniq_maurice
Temple:   eino_temple_rhombus
Lair:1:   layout_cave_shapes, nicolae_lair_grove_arrangements
Lair:2:   layout_long_grid, guppyfry_snake_entry_garden
Lair:3:   cheibrodos_lair_river_kwai, layout_cave_pods,
          minmay_swamp_entry_worms, uniq_nergalle

Skill      XL: |  1  2  3  4  5  6  7  8  9 10 11 12 |
---------------+-------------------------------------+-----
Stealth        | 1 2 3 4 5 7 8 9 |  9.3
Unarmed Combat | 1 2 3 4 5 6 |  6.5
Long Blades    | 3 4 5 6 7 8 |  8.9
Shields        | 4 5 6 7 |  7.4
Dodging        | 4 5 6 7 |  7.2
Fighting       | 4 5 6 7 |  7.3
Evocations     | 3 4 5 |  5.0
Conjurations   | 2 4 5 |  5.3
Transmutations | 2 4 5 |  5.1
Earth Magic    | 2 4 |  4.9
Spellcasting   | 1 2 3 |  3.0

Action                   |  1- 3 |  4- 6 |  7- 9 | 10-12 || total
-------------------------+-------+-------+-------+-------++-------
Melee: Long sword        |    50 |   116 |    93 |       ||   259
       Constrict         |    15 |    37 |    50 |    79 ||   181
       Tentacles         |    10 |    34 |    53 |    77 ||   174
       Punch             |       |     2 |     7 |    23 ||    32
       Short sword       |       |       |   135 |    67 ||   202
       Scimitar          |       |       |    24 |   371 ||   395
Throw: Boomerang         |     1 |       |     3 |       ||     4
       Dart              |       |       |       |    38 ||    38
 Cast: Stone Arrow       |       |       |       |     4 ||     4
       Sandblast         |       |       |       |    12 ||    12
Invok: Call Merchant     |       |       |       |     1 ||     1
Evoke: Wand              |       |       |       |    55 ||    55
  Use: Scroll            |     1 |     5 |     5 |    23 ||    34
       Potion            |     3 |       |       |    10 ||    13
 Stab: Sleeping          |     2 |     4 |    12 |    14 ||    32
       Distracted        |       |     1 |     2 |     6 ||     9
Armor: Skin              |     4 |     7 |     6 |    24 ||    41
Dodge: Dodged            |    21 |    61 |    88 |   173 ||   343
Block: Kite shield       |    22 |    47 |   108 |   372 ||   549
       Reflection        |       |       |     1 |    18 ||    19
       Rpst.: Long sword |     6 |    14 |    12 |       ||    32
       Scimitar          |       |       |     2 |    54 ||    56

Table legend: (Time is in decaauts)
 A = Elapsed time spent in this place.
 B = Non-inter-level travel time spent in this place.
 C = Inter-level travel time spent in this place.
 D = Time resting spent in this place.
 E = Time spent auto-exploring this place.
 F = Levels seen in this place.
 G = Mean time per level.
                   A        B        C        D        E       F      G
               +--------+--------+--------+--------+--------+-----+--------+
         Total |  19775 |  18963 |    812 |   6000 |   9353 |  17 | 1163.2 |
       Dungeon |  17096 |  16338 |    758 |   4992 |   8456 |  13 | 1315.1 |
        Temple |     96 |     80 |     16 |      0 |     76 |   1 |   96.0 |
          Lair |   2582 |   2544 |     38 |   1008 |    821 |   3 |  860.7 |
               +--------+--------+--------+--------+--------+-----+--------+

Top non-repeatable levels by time:
     D:4: 2399 daAuts
    D:10: 1936 daAuts
  Lair:1: 1784 daAuts
     D:7: 1703 daAuts
    D:12: 1589 daAuts
     D:9: 1402 daAuts
     D:8: 1390 daAuts
     D:5: 1287 daAuts
     D:2: 1198 daAuts
     D:6: 1153 daAuts
    D:11: 1085 daAuts
     D:3: 926 daAuts
  Lair:2: 789 daAuts
     D:1: 677 daAuts
    D:13: 346 daAuts
